 Dungeon Crawl Stone Soup version 0.17.0-56-gd8de76c (webtiles) character file.

205 Denapoli the Chopper (level 5, 0/45 HPs)
             Began as a Hill Orc Abyssal Knight on Dec 5, 2015.
             Was a Believer of Lugonu.
             Killed by a spatial distortion (2 damage)
             ... on level 4 of the Dungeon.
             The game lasted 00:10:52 (3308 turns).

Denapoli the Chopper (Hill Orc Abyssal Knight)      Turns: 3308, Time: 00:10:52

Health: 0/45       AC: 12    Str: 16    XL:     5   Next: 83%
Magic:  6/6        EV:  4    Int: 12    God:    Lugonu [**....]
Gold:   171        SH:  0    Dex: 10    Spells: 0 memorised, 4 levels left

rFire  . . .     SeeInvis .     q - +0 war axe
rCold  . . .     Clarity  .     l - +0 plate armour
rNeg   . . .     SustAt   .     (no shield)
rPois  .         Gourm    .     (no helmet)
rElec  .         Spirit   .     (no cloak)
rCorr  .         Warding  .     r - +0 pair of gloves
rMut   .         Stasis   .     (no boots)
MR     .....                    (no amulet)
Stlth  ..........               (no ring)
                                j - ring of wizardry

@: not resistant to hostile enchantments, extremely unstealthy
A: no striking features
a: Depart the Abyss, Bend Space, Renounce Religion


You were on level 4 of the Dungeon.
You worshipped Lugonu.
Lugonu was pleased with you.
You were not hungry.

You visited 1 branch of the dungeon, and saw 4 of its levels.
You visited the Abyss 1 time.

You collected 244 gold pieces.
You spent 73 gold pieces at shops.

Inventory:

Hand Weapons
 q - a +0 war axe (weapon)
Armour
 l - a +0 plate armour (worn)
 r - a +0 pair of gloves (worn)
Jewellery
 j - a ring of wizardry (left hand)
Scrolls
 b - a scroll of random uselessness {unknown}
 d - 4 scrolls of identify
 e - a scroll of recharging {unknown}
 f - 2 scrolls of teleportation {unknown}
 k - a scroll of magic mapping {unknown}
Potions
 m - 3 potions of poison {unknown}
 o - a potion of degeneration {unknown}
 p - a potion of heal wounds
Books
 a - a book of Annihilations

   Spells                             Type                      Level
   a - Poison Arrow                   Conjuration/Poison           6
   b - Chain Lightning                Conjuration/Air              8
   c - Lehudib's Crystal Spear        Conjuration/Earth            8
   d - Glaciate                       Conjuration/Ice              9
   e - Fire Storm                     Conjuration/Fire             9
Comestibles
 c - a bread ration
 g - 3 meat rations
 h - 4 slices of pizza
 i - a beef jerky
 n - 4 fruits


   Skills:
 - Level 3.6 Fighting
 * Level 7.7 Axes
 - Level 2.1 Armour
 - Level 0.7 Dodging
 - Level 2.4 Invocations


You had 4 spell levels left.
You didn't know any spells.

Dungeon Overview and Level Annotations

Branches:
Dungeon (4/15)             Temple (0/1) D:4

Altars:
Ashenzari
Dithmenos

Shops:
D:4 (*}

Annotations:
D:3 Sigmund


Message History

Space bends around you!
You blink.
You feel slightly more hungry. Space bends around you!
You blink.
You feel slightly more hungry.
You are feeling very hungry.
Eat which item? (? for menu, Esc to quit)
Mmmm...
Yummy pear.
An ogre is nearby!
You hit the ogre.
The ogre is moderately wounded.
The ogre hits you with a giant club!
Your plate armour prevents you from hitting the ogre.
The ogre is moderately wounded.
The ogre hits you with a giant club!
You hit the ogre.
The ogre is moderately wounded.
You slash the ogre!
The ogre is almost dead.
The ogre hits you with a giant club!!
* * * LOW HITPOINT WARNING * * *
Space bends around you!
You blink.
You die...

###......###.######..........
#......# #.######..........
#......# #.....##..∩.......
#....>.# ###.#.............
#......#####.#.##..........
#......#.....#.#####.#..###
#######......#§#####O##....##.###
.[...##......#.O.# #.##.#####....
.###.##......###@# #.##.### #..##
.........O...# #.# #.##...###..##
.#.#...#.#######.###.#..........#
.#.###.#.##..........#..........#
...# #.#.##.###...####..........#
#### #.#<##.###...# #..........#
#.####.#.....# #.)....(...#
#O####O#.#...# ##########.#
#.#....#.#...########## #.#


You could see an ogre.

Vanquished Creatures
  A scorpion (D:4)
  An orc priest (D:4)
  An orc wizard (D:2)
  2 adders (D:2)
  3 worms (D:2)
  6 orcs
  10 bats
  7 goblins
  5 hobgoblins
  6 jackals
  9 kobolds
  3 quokkas
  4 giant cockroaches
  3 giant geckos
  5 giant newts
  10 rats
76 creatures vanquished.

Notes
Turn   | Place    | Note
--------------------------------------------------------------
     0 | Abyss:1  | Denapoli the Hill Orc Abyssal Knight began the quest for the Orb.
     0 | Abyss:1  | Reached XP level 1. HP: 19/19 MP: 2/2
    67 | Abyss:1  | Noticed a large abomination
    67 | D:1      | Escaped the Abyss
   166 | D:1      | Reached XP level 2. HP: 16/26 MP: 3/3
   332 | D:1      | Reached * piety under Lugonu
   383 | D:1      | Reached skill level 4 in Axes
   761 | D:1      | Reached XP level 3. HP: 28/31 MP: 4/4
  1230 | D:2      | Reached skill level 5 in Axes
  1568 | D:2      | Reached ** piety under Lugonu
  1611 | D:2      | Reached XP level 4. HP: 39/39 MP: 5/5
  1811 | D:2      | Found a shadowy altar of Dithmenos.
  1880 | D:2      | Reached skill level 6 in Axes
  2491 | D:2      | Reached XP level 5. HP: 41/45 MP: 6/6
  2593 | D:3      | Noticed Sigmund
  2613 | D:4      | Found a shattered altar of Ashenzari.
  2639 | D:4      | Found a staircase to the Ecumenical Temple.
  2816 | D:4      | Found Mush's Assorted Antiques.
  2900 | D:4      | Found Retij's Antique Weapon Boutique.
  2908 | D:4      | Bought a war axe for 73 gold pieces
  2955 | D:4      | Reached skill level 7 in Axes
  2962 | D:4      | Found Peuxosk's Gadget Shoppe.
  3191 | D:4      | Noticed an ogre
  3307 | D:4      | HP: 2/45 [ogre/giant club (20)]
  3308 | D:4      | Killed by a spatial distortion

Action                   |  1- 3 |  4- 6 || total
-------------------------+-------+-------++-------
Melee: Hand axe          |   115 |   102 ||   217
       War axe           |       |    17 ||    17
Invok: Depart the Abyss  |     1 |       ||     1
       Bend Space        |       |     2 ||     2
  Use: Potion            |     3 |       ||     3
       Scroll            |     1 |       ||     1
  Eat: Chunk             |     2 |     5 ||     7
       Fruit             |       |     1 ||     1
